Map: Ascension to Aiur LE

Players

whatup - Winner!

  • Race: Terran Terran
  • League: Diamond
  • Spawn Location: 11:00

RenamOn

  • Race: Zerg Zerg
  • League: Diamond
  • Spawn Location: 5:00

VOD

Have the link to the VOD?

Description

Time

  • Played on: Jan. 16, 2018, 4:19 p.m.
  • Length: 11:16
Show
View Real Time Build Order
Export as new Build Order

whatup Terran - Winner!

Build Orders: Reaper Expand, MMM Bio 

Get SALT Encoding   

  12  0:00  SCV  
  13  0:13  SCV  
  14  0:17  Supply Depot  
  14  0:25  SCV  
  15  0:38  SCV  
  15  0:39  Barracks  
  16  0:45  Refinery  
  16  0:50  SCV  
  17  1:03  SCV  
  18  1:15  SCV  
  19  1:27  Orbital Command  
  19  1:28  Reaper  
  20  1:41  Command Center  
  20  1:52  SCV  
  21  1:57  Barracks  
  21  2:03  Barracks Reactor  
  21  2:04  Supply Depot  
  21  2:08  SCV  
  21  2:15  Refinery  
  22  2:21  SCV  
  23  2:27  Factory  
  23  2:33  SCV  
  24  2:45  SCV  
  25  2:52  Marine x2  
  25  2:53  Barracks Tech Lab  
  25  2:57  SCV  
  28  3:06  SCV  
  28  3:09  SCV  
  29  3:13  Marine  
  29  3:14  Stimpack  
  31  3:21  Starport, Orbital Command  
  30  3:27  Factory Reactor  
  30  3:30  Marine  
  31  3:35  Marine  
  31  3:36  Supply Depot  
  31  3:37  Marine  
  31  3:38  SCV  
  34  3:43  Supply Depot  
  34  3:46  SCV  
  35  3:48  Marine  
  35  3:51  SCV  
  35  3:55  Engineering Bay  
  37  3:57  Marine x2  
  37  4:01  SCV  
  40  4:07  Engineering Bay  
  39  4:10  Marine  
  40  4:17  Marine x2  
  40  4:18  SCV  
  40  4:19  SCV  
  40  4:22  Medivac x2  
  48  4:25  Widow Mine  
  50  4:37  Terran Infantry Armor Level 1  
  51  4:38  SCV  
  51  4:42  Marine x2  
  51  4:43  Bunker  
  53  4:47  Marine, Terran Infantry Weapons Level 1  
  53  4:51  Refinery  
  54  4:53  Widow Mine  
  56  5:00  Marine x2  
  56  5:05  Marine  
  59  5:18  Marine x2, SCV  
  62  5:22  Supply Depot  
  62  5:27  Supply Depot  
  62  5:36  Factory Tech Lab  
  62  5:43  Marine x2, Medivac x2, SCV  
  62  5:49  Marauder  
  71  6:01  Marine x2  
  71  6:03  Command Center  
  73  6:10  Marine  
  73  6:18  Marine x2  
  73  6:21  Siege Tank  
  78  6:29  Supply Depot x2  
  78  6:31  Supply Depot  
  78  6:35  Supply Depot  
  78  6:42  Combat Shields  
  78  6:45  Supply Depot  
  78  6:49  Refinery  
  78  6:50  Marine x3, Medivac, SCV x2  
  78  6:53  Siege Tank  
  88  7:03  SCV x2  
  88  7:08  Marine x3  
  93  7:26  Marine x3  
  93  7:43  Siege Tank  
  93  7:44  Marine x2, Marauder  
  77  7:54  Barracks  
  77  7:55  Armory, Barracks  
  77  7:58  Medivac x2  
  77  8:01  Marine x2  
  77  8:05  Marine  
  79  8:08  SCV x2, Supply Depot  
  81  8:13  Planetary Fortress  
  81  8:15  Siege Tank  
  81  8:19  Marine x2  
  86  8:20  SCV x2  
  86  8:23  Marauder  
  90  8:30  Bunker  
  90  8:31  Medivac  
  90  8:32  SCV x2  
  94  8:37  Marine x2  
  96  8:44  SCV x2  
  96  8:45  Barracks Reactor, Marauder  
  96  8:47  Siege Tank, Barracks Reactor  
  103  8:52  SCV, Refinery x2  
  103  8:55  Marine x2  
  106  8:56  SCV x2  
  108  9:04  SCV  
  108  9:06  Marauder  
  108  9:08  SCV  
  108  9:09  SCV  
  112  9:13  Marine x2  
  112  9:16  SCV  
  110  9:20  SCV  
  110  9:24  Marine x4  
  108  9:25  Siege Tank  
  108  9:27  SCV  
  108  9:28  SCV, Marauder  
  108  9:30  Marine x2  
  108  9:31  Refinery  
  121  9:42  Marine x4  
  125  9:48  Marine x2  
  125  9:49  Marauder  
  128  9:57  Siege Tank  
  127  10:10  Marauder  
  127  10:13  Marine x5  
  127  10:14  Marine  
  130  10:19  Barracks  
  130  10:21  Barracks  
  130  10:24  Command Center  
  130  10:28  Supply Depot x2  
  130  10:30  Supply Depot  
  130  10:31  Marine x4  
  130  10:32  Marine, Marauder  
  128  10:53  Marauder  
Show
View Real Time Build Order
Export as new Build Order

RenamOn Zerg 

Build Orders: Hatch First 

Get SALT Encoding   

  12  0:01  Drone  
  13  0:13  Overlord  
  13  0:17  Drone  
  14  0:31  Drone  
  14  0:32  Drone  
  14  0:35  Drone  
  17  0:53  Hatchery  
  17  0:57  Drone  
  17  1:00  Drone  
  17  1:04  Extractor  
  17  1:16  Spawning Pool  
  17  1:18  Drone  
  17  1:21  Drone  
  18  1:34  Drone  
  18  1:39  Drone  
  20  1:50  Overlord  
  20  2:03  Queen  
  20  2:04  Metabolic Boost  
  20  2:06  Queen  
  24  2:11  Zergling x2  
  24  2:12  Zergling x2  
  26  2:16  Drone  
  26  2:17  Drone  
  26  2:22  Drone  
  29  2:28  Drone  
  30  2:38  Drone x2  
  32  3:07  Drone  
  32  3:08  Drone x3  
  32  3:09  Overlord  
  36  3:16  Lair, Hatchery  
  35  3:20  Drone  
  35  3:21  Overlord  
  36  3:30  Drone x2  
  36  3:31  Drone, Roach Warren  
  38  3:34  Baneling Nest  
  37  3:44  Zergling x6  
  37  3:45  Zergling x6  
  43  3:54  Drone x2  
  43  3:55  Drone x2, Extractor  
  46  3:56  Drone  
  46  3:57  Drone  
  48  4:09  Queen  
  50  4:11  Drone x2  
  50  4:13  Overlord  
  52  4:17  Overlord  
  52  4:24  Extractor  
  52  4:26  Drone  
  52  4:28  Drone x5  
  52  4:29  Drone  
  57  4:48  Extractor  
  57  4:51  Hydralisk Den  
  55  4:53  Evolution Chamber  
  55  4:57  Evolution Chamber  
  55  4:59  Queen  
  53  5:00  Drone x4  
  53  5:01  Drone x3  
  53  5:02  Roach x2  
  53  5:03  Extractor, Zergling x2  
  53  5:04  Extractor  
  65  5:09  Overlord x2  
  65  5:12  Overlord  
  65  5:18  Spine Crawler  
  65  5:21  Spore Crawler  
  63  5:23  Spore Crawler  
  63  5:24  Baneling x3  
  63  5:25  Baneling x2  
  63  5:27  Roach  
  64  5:34  Roach x3  
  70  5:37  Baneling  
  70  5:38  Roach  
  72  5:47  Drone x3  
  72  5:48  Drone  
  72  5:49  Drone x4  
  81  5:50  Drone  
  81  6:00  Overlord x3  
  81  6:04  Muscular Augments  
  80  6:15  Zergling x2  
  81  6:18  Baneling  
  81  6:21  Baneling x3  
  81  6:23  Drone x4  
  81  6:24  Drone x5  
  81  6:25  Drone x2  
  92  6:27  Zerg Missile Weapons Level 1  
  92  6:31  Overlord  
  92  6:33  Overseer  
  92  6:37  Drone  
  92  6:38  Drone  
  94  6:45  Zerg Ground Armor Level 1  
  93  6:56  Overlord  
  93  6:57  Drone x2  
  93  7:00  Hydralisk x4  
  103  7:10  Pneumatized Carapace  
  103  7:11  Spine Crawler  
  103  7:12  Spine Crawler, Spore Crawler  
  100  7:18  Overlord x2  
  100  7:19  Roach x2  
  100  7:20  Roach x2, Zergling x6  
  109  7:40  Spawning Pool  
  103  7:44  Roach x2, Hydralisk x5  
  117  7:55  Roach x3, Hydralisk x2  
  127  8:02  Glial Reconstitution  
  127  8:03  Overseer  
  127  8:21  Hatchery  
  127  8:23  Drone  
  127  8:24  Drone  
  127  8:25  Overlord x3  
  127  8:26  Roach x3, Hydralisk  
  136  8:32  Overlord  
  136  8:33  Overlord  
  136  8:37  Infestation Pit  
  136  8:40  Drone x3, Spore Crawler  
  136  8:41  Spore Crawler  
  136  8:42  Spine Crawler  
  136  8:43  Spine Crawler  
  136  8:45  Zergling x8  
  136  8:47  Baneling x2  
  136  8:48  Baneling  
  137  8:50  Baneling x3  
  137  8:57  Zerg Missile Weapons Level 2  
  137  8:59  Zerg Ground Armor Level 2  
  137  9:04  Burrow  
  137  9:07  Queen  
  125  9:20  Roach, Hydralisk  
  125  9:21  Roach x3  
  124  9:28  Pathogen Glands  
  124  9:29  Overseer  
  124  9:39  Queen  
  124  9:42  Drone x4  
  124  9:43  Drone x2, Hydralisk  
  124  9:44  Roach x2, Hydralisk  
  140  9:49  Baneling x4  
  135  10:04  Drone x4, Extractor  
  135  10:05  Drone x4, Extractor  
  137  10:12  Roach x4, Hydralisk  
  139  10:14  Ravager x3  
  139  10:15  Ravager x2  
  144  10:28  Roach x4, Hydralisk  
  135  10:48  Roach x4, Hydralisk x3  
  135  10:49  Roach  
  122  10:58  Overlord  
  122  11:02  Overseer  
  122  11:06  Hatchery  
Tags
 
Add a new tag
Caveats
  • Supply blocks, unpowered buildings, or Contaminate may cause inaccurate times.
  • Supply counts are checked every 10 seconds.